 Dungeon Crawl Stone Soup version 0.23-a0-667-gc184e93 (console) character file.

21 Duffy the Firebug (level 2, -5/19 HPs)
             Began as a Demonspawn Fire Elementalist on Jan 8, 2019.
             Slain by a worker ant (6 damage)
             ... on level 4 of the Dungeon.
             The game lasted 00:00:51 (518 turns).

Duffy the Firebug (Demonspawn Fire Elementalist)     Turns: 518, Time: 00:00:52

Health: -5/19      AC:  2    Str:  8    XL:     2   Next: 65%
Magic:  1/5        EV: 12    Int: 16    God:
Gold:   37         SH:  0    Dex: 13    Spells: 4/5 levels left

rFire    . . .     SeeInvis .   b - +0 club
rCold    . . .     Gourm    .   (no shield)
rNeg     . . .     Faith    .   a - +0 robe
rPois    .         Spirit   .   (no helmet)
rElec    .         Reflect  .   (no cloak)
rCorr    .         Harm     .   (no gloves)
MR       .....                  (no boots)
Stlth    ++........             (no amulet)
HPRegen  0.06/turn              (no ring)
MPRegen  0.09/turn              (no ring)

@: lethally poisoned (-5 -> -14)
A: powered by death 1
a: no special abilities


You were on level 4 of the Dungeon.
You were not hungry.

You visited 1 branch of the dungeon, and saw 4 of its levels.

You collected 37 gold pieces.

Inventory:

Hand Weapons
 b - a +0 club (weapon)
Armour
 a - a +0 robe (worn)
Scrolls
 e - a scroll of identify {unknown}
 f - a scroll of noise {unknown}
Comestibles
 c - 3 rations
 d - 7 chunks of flesh


   Skills:
 - Level 1.7 Dodging
 - Level 1.7 Stealth
 + Level 2.0 Spellcasting
 + Level 2.6 Conjurations
 + Level 2.7 Fire Magic


You had 4 spell levels left.
You knew the following spells:

 Your Spells              Type           Power        Failure   Level  Hunger
h - Flame Tongue          Conj/Fire      ##...        7%          1    #......

Your spell library contained the following spells:

 Spells                   Type           Power        Failure   Level  Hunger
 Throw Flame              Conj/Fire      ##....       11%         2    ###....
 Conjure Flame            Conj/Fire      ##......     21%         3    ###....
 Inner Flame              Hex/Fire       #.......     34%         3    ###....
 Sticky Flame             Conj/Fire      ##......     56%         4    #####..
 Fireball                 Conj/Fire      ##........   88%         5    ######.


Dungeon Overview and Level Annotations

Branches:
Dungeon (4/15)
 Temple: D:4-7

Altars:


Innate Abilities, Weirdness & Mutations

You regenerate a little health from kills.


Message History

You don't have enough magic to cast that spell.
You barely miss the worker ant.
The worker ant is heavily wounded.
You feel sick. The worker ant closely misses you. x2
You hit the worker ant but do no damage.
The worker ant is heavily wounded.
The worker ant completely misses you.
You closely miss the worker ant.
The worker ant is heavily wounded.
You feel sick. The worker ant barely misses you.
The worker ant closely misses you.
You barely miss the worker ant.
The worker ant is heavily wounded.
The worker ant bites you.
You are lethally poisoned!
The worker ant poisons you!
You hit the worker ant.
The worker ant is severely wounded.
You feel sick. The worker ant bites you. x2
You die...

#. .# ### .#
..# .# #.# .#
#.# .#
#######.###.#
#....a@...<.#
#.###########


You could see a worker ant.

Vanquished Creatures
  An ooze (D:1)
  A leopard gecko (D:1)
  4 goblins
  3 hobgoblins
  A quokka (D:3)
  A bat (D:3)
  A frilled lizard (D:1)
  3 kobolds
15 creatures vanquished.

Notes
Turn   | Place    | Note
-------+----------+-------------------------------------------
     0 | D:1      | Duffy the Demonspawn Fire Elementalist began the quest for
                  | the Orb.
     0 | D:1      | Reached XP level 1. HP: 13/13 MP: 3/3
    70 | D:1      | Gained mutation: You regenerate a little health from kills.
                  | [demonic ancestry]
    70 | D:1      | Reached XP level 2. HP: 19/19 MP: 1/5
   518 | D:4      | Slain by a worker ant

Vault maps used:
D:1:      doesnt_arrival_eight_statues
D:4:      minmay_temple_entry_stoned_glass, first_ration

Skill      XL: |  1 |
---------------+----+-----
Conjurations   | 2 |  2.6
Dodging        | |  1.7
Stealth        | |  1.7
Spellcasting   | |  2.0
Fire Magic     | |  2.7

Action                   || total
-------------------------++-------
Melee: Club              ||     5
 Cast: Flame Tongue      ||    28
Armor: Robe              ||     3
Dodge: Dodged            ||    16

Table legend:
 A = Non-vault XP
 B = Vault XP
 C = Vault XP percentage of total XP
 D = Non-vault monster count
 E = Vault monster count
 F = Vault count percentage of total count
                 A         B        C        D         E       F
            +---------+---------+-------+---------+---------+-------
      Total |      31 |       0 |   0.0 |      15 |       0 |   0.0
            +---------+---------+-------+---------+---------+-------
        D:1 |      21 |       0 |   0.0 |       9 |       0 |   0.0
        D:2 |       4 |       0 |   0.0 |       2 |       0 |   0.0
        D:3 |       6 |       0 |   0.0 |       4 |       0 |   0.0
            +---------+---------+-------+---------+---------+-------
